 Dungeon Crawl Stone Soup version 0.31-a0-177-g4aa6249778 (webtiles) character file.

Game seed: 9989275792147264390

805 qw the Shooter (level 7, -3/70 HPs)
             Began as a Naga Hunter on June 18, 2023.
             Slain by Blork the orc
             ... wielding a +0 halberd
              (9 damage)
             ... on level 5 of the Dungeon.
             The game lasted 00:01:18 (3537 turns).

qw the Shooter (Naga Hunter)                        Turns: 3537, Time: 00:01:18

Health: -3/70      AC:  7    Str: 13    XL:     7   Next: 91%
Magic:  7/7        EV: 10    Int:  9    God:
Gold:   299        SH:  0    Dex: 17    Spells: 6/6 levels left

rFire   . . .        Y - +0 shortbow
rCold   . . .        (shield currently unavailable)
rNeg    . . .        c - +0 leather armour
rPois   +            i - +1 helmet
rElec   .            (no cloak)
rCorr   .            d - +0 pair of gloves
SInv    +            (no barding)
Will    .....        e - amulet of the acrobat
Stlth   ++           (no ring)
HPRegen 0.31/turn    (no ring)
MPRegen 0.10/turn

%: acrobat
@: about to teleport, short of breath, very slow
A: AC +2, large, see invisible, deformed body, poison resistance, slowness 2,
spit poison 1, naga tail 1, sense surroundings 1, robust 1
a: Spit Poison


You were on level 5 of the Dungeon.
You visited 1 branch of the dungeon, and saw 5 of its levels.

You collected 299 gold pieces.


Innate Abilities, Weirdness & Mutations

Your serpentine skin is tough. (AC +2)
You have supernaturally acute eyesight. (SInv)
Armour fits poorly on your strangely shaped body.
Your system is resistant to poisons. (rPois)
You cover ground very slowly.
You can spit poison.
You have a snake-like lower body.
You passively map a small area around you.
You are robust. (+10% HP)


   Skills:
 - Level 4.2 Fighting
 + Level 7.3 Ranged Weapons
 - Level 1.6 Armour
 - Level 2.4 Dodging
 - Level 1.5 Stealth


You had 6 spell levels left.
You didn't know any spells.
Your spell library was empty.

Inventory:

Hand Weapons
 Y - a +0 shortbow (weapon)
Armour
 c - a +0 leather armour (worn)
 d - a +0 pair of gloves (worn)
 i - a +1 helmet (worn)
Jewellery
 e - an amulet of the acrobat (around neck)
Scrolls
 b - a scroll of teleportation
 f - a scroll of identify
 m - a scroll of torment {unknown}
Potions
 a - a potion of mutation
 g - a potion of curing {unknown}
 j - 2 potions of haste
 k - a potion of might
 l - a potion of attraction {unknown}
 n - a potion of ambrosia {unknown}

Dungeon Overview and Level Annotations

Branches:
Dungeon (5/15)
 Temple: D:4-7

Altars:
Fedhas
Qazlal
Vehumet

Shops:
D:5 [

Annotations:
D:5 Blork the orc


Message History

Blork the orc hits you but does no damage.
You shoot an arrow. The arrow hits Blork the orc!
Blork the orc is heavily wounded.
Blork the orc complains loudly.
Blork the orc looks satisfied for a moment.
Blork the orc gestures at you while chanting.
The puff of flame misses you.
You shoot an arrow. The arrow hits Blork the orc.
Blork the orc is severely wounded.
Blork the orc looks encouraged for a moment.
You shoot an arrow. The arrow hits Blork the orc.
Blork the orc is severely wounded.
Blork the orc hits you from afar with a +0 halberd!
Blork the orc gestures at you while chanting.
The puff of frost hits you.
You shoot an arrow. The arrow closely misses Blork the orc.
You have got your breath back.
Blork the orc casts a spell at you. The puff of frost hits you.
3534 ||| READING 2 scrolls of teleportation.
As you read the scroll of teleportation, it crumbles to dust.
You feel strangely unstable.
Blork the orc hits you from afar with a +0 halberd! x2
3535 ||| DRINKING potion of heal wounds.
You feel much better.
Blork the orc hits you from afar with a +0 halberd.
3536 ||| INVOKING Spit Poison.
Aiming: Spit Poison (1% risk of failure)
Press: ? - help, Shift-Dir - straight line, f/p - Blork the orc The splash of poison hits Blork the orc!
Blork the orc looks even sicker.
Blork the orc is almost dead.
Blork the orc hits you from afar with a +0 halberd!
Blork the orc casts a spell at you. The magic dart hits you.
You shoot an arrow.
The arrow hits Blork the orc but does no damage.
Blork the orc is almost dead.
Blork the orc hits you from afar with a +0 halberd!
You die...

#.#................
##.#....#.#########.
........#.# ###* *
##.#.#.##.# #..
#.#......# #.# ,*
##.###'#### #.# ,# ,
...##..%## ###.##.#
####.....## #......# *
##.......## #.#@### ,
##.........###.....###,*
.'.........'.....o.....
##.........###.....####
##.......## #.#.#.#
##.....## #...#.#
##...##* #.#.#.# ##.....
#.#.#.# * **#..### #.#.#
*


You could see Blork the orc (fast, poisoned).

Vanquished Creatures
  2 ogres
  2 phantoms (D:5)
  4 scorpions (D:5)
  A howler monkey (D:4)
  A hound (D:5)
  A jelly (D:4)
  3 gnolls (D:4)
  4 adders
  4 worms
  A dart slug (D:1)
  An orc (D:5)
  9 bats
  4 endoplasms
  2 giant cockroaches (D:1)
  6 goblins
  7 hobgoblins
  4 jackals (D:1)
  5 kobolds
  7 quokkas
  5 ball pythons
  5 frilled lizards
  6 rats
84 creatures vanquished.

Notes
Turn   | Place    | Note
-------+----------+-------------------------------------------
     0 | D:1      | qw the Naga Hunter began the quest for the Orb.
     0 | D:1      | Reached XP level 1. HP: 19/19 MP: 1/1
     0 | D:1      | 0 ||| qw: Version: 0.3-a-5-g6f28e65
     0 | D:1      | 0 ||| qw: Game counter: 602
     0 | D:1      | 0 ||| qw: Always use a shield: true
     0 | D:1      | 0 ||| qw: God list: Okawaru
     0 | D:1      | 0 ||| qw: Allow faded altars: false
     0 | D:1      | 0 ||| qw: Do Orc after D:15 true
     0 | D:1      | 0 ||| qw: Do second Lair branch before Depths: true
     0 | D:1      | 0 ||| qw: Lair rune preference: random
     0 | D:1      | 0 ||| qw: Plans: Normal
     0 | D:1      | 0 ||| PLANNING D:1-11
    34 | D:1      | 34 ||| INVOKING Spit Poison.
   107 | D:1      | 107 ||| INVOKING Spit Poison.
   118 | D:1      | 118 ||| INVOKING Spit Poison.
   119 | D:1      | Reached skill level 4 in Ranged Weapons
   119 | D:1      | Reached XP level 2. HP: 26/26 MP: 2/2
   140 | D:1      | 140 ||| INVOKING Spit Poison.
   173 | D:1      | 173 ||| INVOKING Spit Poison.
   180 | D:1      | 180 ||| INVOKING Spit Poison.
   186 | D:1      | 186 ||| INVOKING Spit Poison.
   206 | D:1      | 206 ||| INVOKING Spit Poison.
   210 | D:1      | 210 ||| INVOKING Spit Poison.
   211 | D:1      | 211 ||| INVOKING Spit Poison.
   231 | D:1      | 231 ||| INVOKING Spit Poison.
   234 | D:1      | 234 ||| INVOKING Spit Poison.
   235 | D:1      | 235 ||| INVOKING Spit Poison.
   236 | D:1      | 236 ||| INVOKING Spit Poison.
   257 | D:1      | 257 ||| INVOKING Spit Poison.
   266 | D:1      | 266 ||| INVOKING Spit Poison.
   382 | D:1      | 382 ||| INVOKING Spit Poison.
   384 | D:1      | Reached XP level 3. HP: 32/32 MP: 3/3
   472 | D:1      | 472 ||| INVOKING Spit Poison.
   513 | D:1      | 513 ||| INVOKING Spit Poison.
   529 | D:1      | 529 ||| INVOKING Spit Poison.
   536 | D:1      | 536 ||| INVOKING Spit Poison.
   547 | D:1      | 547 ||| INVOKING Spit Poison.
   568 | D:1      | 568 ||| INVOKING Spit Poison.
   573 | D:1      | 573 ||| INVOKING Spit Poison.
   669 | D:1      | 669 ||| UPGRADING to +0 helmet.
   674 | D:1      | 674 ||| UPGRADING to amulet of the acrobat.
   679 | D:1      | 679 ||| READING scroll labelled ATAYNOUDATT.
   680 | D:1      | 680 ||| READING 2 scrolls labelled OROKIL GI OWAZ.
   681 | D:1      | 681 ||| READING scroll labelled UWUUW EREAPN.
   682 | D:1      | 682 ||| READING scroll labelled OLLAUJ LOUTA.
   683 | D:1      | 683 ||| DROPPING scroll of butterflies.
   701 | D:2      | 701 ||| INVOKING Spit Poison.
   707 | D:2      | 707 ||| INVOKING Spit Poison.
   709 | D:2      | 709 ||| STAIRDANCE
   728 | D:2      | 728 ||| INVOKING Spit Poison.
   734 | D:2      | 734 ||| READING scroll labelled LAOWKUU YCACSO.
   739 | D:2      | 739 ||| INVOKING Spit Poison.
   765 | D:2      | 765 ||| INVOKING Spit Poison.
   867 | D:2      | 867 ||| INVOKING Spit Poison.
   926 | D:2      | 926 ||| INVOKING Spit Poison.
   936 | D:2      | 936 ||| READING scroll of enchant armour.
   936 | D:2      | 936 ||| ENCHANTING +0 helmet.
  1160 | D:2      | 1160 ||| INVOKING Spit Poison.
  1162 | D:2      | Reached skill level 5 in Ranged Weapons
  1162 | D:2      | Reached XP level 4. HP: 39/39 MP: 4/4
  1166 | D:2      | 1166 ||| INVOKING Spit Poison.
  1173 | D:2      | 1173 ||| INVOKING Spit Poison.
  1212 | D:2      | 1212 ||| INVOKING Spit Poison.
  1234 | D:2      | 1234 ||| INVOKING Spit Poison.
  1420 | D:2      | 1420 ||| INVOKING Spit Poison.
  1554 | D:2      | 1554 ||| INVOKING Spit Poison.
  1562 | D:2      | 1562 ||| DROPPING amulet of guardian spirit.
  1563 | D:2      | 1563 ||| READING 2 scrolls labelled LOWNYG QOECHUMOAS.
  1568 | D:2      | 1568 ||| DRINKING 2 smoky silvery potions.
  1568 | D:2      | Gained mutation: You are robust. (+10% HP) [potion of
                  | mutation]
  1568 | D:2      | Gained mutation: You passively map a small area around you.
                  | [potion of mutation]
  1583 | D:2      | 1583 ||| DRINKING 2 purple potions.
  1687 | D:2      | 1687 ||| DRINKING 2 smoky cyan potions.
  1688 | D:2      | 1688 ||| READING 3 scrolls of identify.
  1688 | D:2      | 1688 ||| IDENTIFYING lumpy cyan potion
  1689 | D:2      | 1689 ||| READING 2 scrolls of identify.
  1689 | D:2      | 1689 ||| IDENTIFYING black potion
  1690 | D:2      | 1690 ||| DROPPING potion of berserk rage.
  1733 | D:3      | 1733 ||| INVOKING Spit Poison.
  1749 | D:3      | 1749 ||| INVOKING Spit Poison.
  1798 | D:3      | Found a faded altar of an unknown god.
  1808 | D:3      | 1808 ||| INVOKING Spit Poison.
  1865 | D:3      | 1865 ||| INVOKING Spit Poison.
  1869 | D:3      | 1869 ||| INVOKING Spit Poison.
  2273 | D:3      | 2273 ||| UPGRADING to +0 pair of gloves.
  2278 | D:3      | 2278 ||| READING scroll labelled ELEJ RAMOCW.
  2298 | D:4      | Found a blossoming altar of Fedhas.
  2307 | D:4      | 2307 ||| INVOKING Spit Poison.
  2310 | D:4      | Reached skill level 3 in Fighting
  2310 | D:4      | 2310 ||| INVOKING Spit Poison.
  2316 | D:4      | 2316 ||| INVOKING Spit Poison.
  2317 | D:4      | Reached XP level 5. HP: 53/53 MP: 5/5
  2380 | D:4      | Found a stormy altar of Qazlal.
  2407 | D:4      | Noticed an ogre
  2408 | D:4      | 2408 ||| INVOKING Spit Poison.
  2411 | D:4      | 2411 ||| INVOKING Spit Poison.
  2412 | D:4      | Killed an ogre
  2418 | D:4      | 2418 ||| INVOKING Spit Poison.
  2419 | D:4      | Reached skill level 6 in Ranged Weapons
  2419 | D:4      | Reached XP level 6. HP: 59/61 MP: 6/6
  2442 | D:4      | 2442 ||| INVOKING Spit Poison.
  2458 | D:4      | 2458 ||| INVOKING Spit Poison.
  2649 | D:4      | 2649 ||| INVOKING Spit Poison.
  2853 | D:4      | Found a radiant altar of Vehumet.
  2858 | D:4      | 2858 ||| READING scroll labelled SUKHU HEGUSANG.
  2859 | D:4      | 2859 ||| READING 2 scrolls of identify.
  2859 | D:4      | 2859 ||| IDENTIFYING yellow potion
  2860 | D:4      | 2860 ||| DROPPING potion of degeneration.
  2884 | D:5      | Entered Level 5 of the Dungeon
  2893 | D:5      | 2893 ||| INVOKING Spit Poison.
  2953 | D:5      | Found Atraurru's Armour Emporium.
  3006 | D:5      | Reached XP level 7. HP: 52/70 MP: 7/7
  3129 | D:5      | 3129 ||| INVOKING Spit Poison.
  3174 | D:5      | 3174 ||| INVOKING Spit Poison.
  3187 | D:5      | 3187 ||| INVOKING Spit Poison.
  3271 | D:5      | 3271 ||| INVOKING Spit Poison.
  3274 | D:5      | 3274 ||| INVOKING Spit Poison.
  3281 | D:5      | 3281 ||| INVOKING Spit Poison.
  3324 | D:5      | 3324 ||| INVOKING Spit Poison.
  3329 | D:5      | 3329 ||| INVOKING Spit Poison.
  3335 | D:5      | 3335 ||| INVOKING Spit Poison.
  3337 | D:5      | Reached skill level 7 in Ranged Weapons
  3356 | D:5      | 3356 ||| INVOKING Spit Poison.
  3360 | D:5      | 3360 ||| INVOKING Spit Poison.
  3367 | D:5      | 3367 ||| INVOKING Spit Poison.
  3372 | D:5      | 3372 ||| INVOKING Spit Poison.
  3377 | D:5      | Reached skill level 1 in Armour
  3378 | D:5      | 3378 ||| INVOKING Spit Poison.
  3382 | D:5      | 3382 ||| INVOKING Spit Poison.
  3519 | D:5      | Noticed Blork the orc
  3523 | D:5      | 3523 ||| INVOKING Spit Poison.
  3529 | D:5      | 3529 ||| INVOKING Spit Poison.
  3533 | D:5      | HP: 16/70 [Blork the orc/puff of frost (5)]
  3534 | D:5      | 3534 ||| READING 2 scrolls of teleportation.
  3534 | D:5      | HP: 1/70 [Blork the orc/+0 halberd (7)]
  3535 | D:5      | 3535 ||| DRINKING potion of heal wounds.
  3536 | D:5      | 3536 ||| INVOKING Spit Poison.
  3537 | D:5      | Slain by Blork the orc

Levels and vault maps discovered:
D:1:      minmay_arrival_split_and_join, layout_basic, minmay_hexomino_p4
D:2:      minmay_door_path, layout_basic, amcnicky_mini_rare_corridor_liquid,
          dk_noncrumbling_3, minivault_14, minmay_fractal_squares_5
D:3:      layout_loops_ring, ebering_ecumenical_altar_sacrificial
D:4:      layout_basic, mainiacjoe_overflow_surrounded_room, minitemple
D:5:      layout_loops_corners, serial_shops, shop, uniq_blork_the_orc

Skill      XL: |  1  2  3  4  5  6  7 |
---------------+----------------------+-----
Ranged Weapons | 4 5 6 7 |  7.3
Fighting       | 3 4 |  4.2
Dodging        | 2 |  2.4
Armour         | 1 |  1.6
Stealth        | |  1.5

Action                     |  1- 3 |  4- 6 |  7- 9 || total
---------------------------+-------+-------+-------++-------
   Fire: Shortbow          |    60 |    74 |    72 ||   206
Ability: Spit Poison       |    29 |    21 |    18 ||    68
    Use: Scroll            |     6 |     6 |     1 ||    13
         Potion            |       |     3 |     1 ||     4
 Armour: Leather armour    |    10 |    11 |    23 ||    44
  Dodge: Dodged            |    24 |    15 |    31 ||    70

Table legend:
 A = Non-vault XP
 B = Vault XP
 C = Vault XP percentage of total XP
 D = Non-vault monster count
 E = Vault monster count
 F = Vault count percentage of total count
                 A         B        C        D         E       F
            +---------+---------+-------+---------+---------+-------
      Total |    1140 |      11 |   1.0 |      77 |       7 |   8.3
            +---------+---------+-------+---------+---------+-------
        D:1 |      57 |       2 |   3.4 |      32 |       1 |   3.0
        D:2 |      37 |       9 |  19.6 |      13 |       6 |  31.6
        D:3 |      31 |       0 |   0.0 |      10 |       0 |   0.0
        D:4 |     269 |       0 |   0.0 |      10 |       0 |   0.0
        D:5 |     746 |       0 |   0.0 |      12 |       0 |   0.0
            +---------+---------+-------+---------+---------+-------
